 Dungeon Crawl Stone Soup version 0.31.0-12-g77e489cdc1 (webtiles) character file.

Game seed: 6690457231055270513

3628 breaded the Skirmisher (level 9, -2/40 HPs)
             Began as a Spriggan Hunter on Mar 2, 2024.
             Was an Initiate of Gozag.
             Succumbed to a kobold brigand's poison
             ... while paralysed by a hornet
             ... on level 8 of the Dungeon.
             The game lasted 00:21:19 (8622 turns).

breaded the Skirmisher (Spriggan Hunter)            Turns: 8622, Time: 00:21:19

Health: -2/40      AC:  3    Str:  5 (7)  XL:     9   Next: 87%
Magic:  10/10      EV:  4    Int: 10 (12) God:    Gozag
Gold:   856        SH:  0    Dex: 18 (21) Spells: 8/8 levels left

rFire   . . .        y - +0 orcbow
rCold   . . .        (shield currently unavailable)
rNeg    . . .        c - +0 robe
rPois   .            (helmet restricted)
rElec   .            C - +0 cloak
rCorr   .            (gloves unavailable)
SInv    +            (boots unavailable)
Will    +....        (no amulet)
Stlth   +++          v - +4 ring of slaying
HPRegen 0.26/turn    (no ring)
MPRegen 0.12/turn

%: no passive effects
@: paralysed, lethally poisoned (-2 -> -16), slowed, very quick
A: very small, no large weapons, unfitting armour, see invisible, speed 3, frail
1
a: Renounce Religion, Potion Petition, Call Merchant, Bribe Branch


You were on level 8 of the Dungeon.
You worshipped Gozag.
Gozag was pleased with you.
You visited 1 branch of the dungeon, and saw 8 of its levels.

You collected 969 gold pieces.
You paid 113 gold pieces to Gozag.

Inventory:

Hand Weapons
 a - a +0 shortbow
 o - a +2 sling of flaming
 y - a +0 orcbow (weapon)
Missiles
 r - 3 curare-tipped darts
Armour
 c - a +0 robe (worn)
 q - a scarf of harm
 C - a +0 cloak (worn)
Jewellery
 v - a +4 ring of slaying (left hand)
Wands
 n - a wand of iceblast (3)
 w - a wand of acid (7)
 E - a wand of digging (9)
Scrolls
 b - a scroll of butterflies
 e - 6 scrolls of noise
 f - 2 scrolls of fear
 g - a scroll of amnesia
 h - 2 scrolls of acquirement {unknown}
 i - 3 scrolls of silence {unknown}
 j - 2 scrolls of blinking
 u - a scroll of fog {unknown}
 x - 4 scrolls of identify
 A - 2 scrolls of enchant weapon {unknown}
 B - a scroll of brand weapon {unknown}
 D - a scroll of revelation {unknown}
 G - a scroll of teleportation {unknown}
Potions
 d - 4 potions of degeneration
 k - 3 potions of brilliance {unknown}
 l - a potion of attraction {unknown}
 m - a potion of heal wounds {unknown}
 p - a potion of curing {unknown}
 s - a potion of haste {unknown}
 t - 2 potions of lignification {unknown}
 z - a potion of cancellation {unknown}
 F - a potion of berserk rage {unknown}


   Skills:
 - Level 4.0 Fighting
 * Level 11.7 Ranged Weapons
 - Level 10.2 Dodging
 - Level 3.4 Stealth


You had 8 spell levels left.
You didn't know any spells.
Your spell library contained the following spells:

 Spells                   Type           Power      Damage    Failure   Level
 Magic Dart               Conj           0%         1d3       36%         1
 Shock                    Conj/Air       0%         1d3       36%         1
 Blink                    Tloc           0%         N/A       50%         2
 Call Imp                 Summ           0%         N/A       50%         2
 Gell's Gravitas          Tloc           0%         N/A       75%         3
 Swiftness                Air            0%         N/A       75%         3
 Teleport Other           Tloc           0%         N/A       75%         3
 Airstrike                Air            0%         2d(0-16)  98%         4
 Alistair's Intoxication  Alch           0%         N/A       100%        5
 Borgnjor's Vile Clutch   Necr/Erth      0%         N/A       100%        5
 Dispersal                Tloc           0%         N/A       100%        6
 Eringya's Noxious Bog    Alch           0%         4d6       100%        6


Dungeon Overview and Level Annotations

Branches:
Dungeon (8/15)             Temple (0/1) D:7
   Lair: D:8-11

Altars:
Gozag
Sif Muna
Trog
Vehumet
Yredelemnul

Portals:
Abyss: D:4

Annotations:
D:2 1 runed translucent door, Crazy Yiuf
D:4 2 transporters, globin's ghost, amateur HOFi


Innate Abilities, Weirdness & Mutations

You are very small and have problems with some larger weapons.
You are too small for most types of armour.
You have supernaturally acute eyesight. (SInv)
You cover ground extremely quickly. (Speed+++)
You are frail. (-10% HP)


Message History

3 kobolds and a hornet come into view.
There are monsters nearby!
You shoot an arrow. The arrow hits the kobold.
The kobold shouts!
The kobold is severely wounded.
The hornet buzzes angrily.
A kobold comes into view. It is wielding a +0 dagger.
A kobold brigand comes into view.
It is wielding a +0 club and quivering poisoned darts.
You shoot an arrow.
The arrow closely misses the kobold brigand.
The arrow barely misses the kobold.
The kobold brigand shouts!
The kobold shouts! x2
You shoot an arrow. The arrow hits the kobold!
You kill the kobold!
The kobold brigand throws a poisoned dart.
The poisoned dart completely misses you.
You shoot an arrow.
The arrow hits the hornet but does no damage.
You shoot an arrow. The arrow hits the hornet!
The hornet is moderately wounded.
You shoot an arrow. The arrow hits the hornet!
The hornet is severely wounded.
The hornet stings you!
You are poisoned.
You suddenly lose the ability to move!
The kobold brigand throws a poisoned dart.
The poisoned dart hits you!
You are more poisoned.
You feel very sick. The hornet stings you.
You feel yourself slow down. The hornet stings you!
* * * LOW HITPOINT WARNING * * *
You feel as though you will be slow longer.
* * * LOW HITPOINT WARNING * * *
You feel very sick. The hornet stings you!
* * * LOW HITPOINT WARNING * * *
You feel as though you will be slow longer.
A water moccasin comes into view.
You die...
Your body crumbles into a pile of gold.

#..## >...## ###....
#...# ###.....# #...#
#.......# #...#
#...#...# #...# #......#
#...# ###....# #...#
.#K@....########...#
...K..y..##<....##.....#
.$$.K........#...#......
.............#..........
.......##..<............
..#.... #...............
S .##.. #...............
.. ... #...............
#...............


You could see a hornet, a water moccasin (wandering) and 3 kobolds.

Vanquished Creatures
  3 kobold demonologists (D:8)
  A troll (D:7)
  Prince Ribbit (D:4)
  Grinder (D:4)
  Eustachio (D:5)
  A sky beast (D:7)
  A centaur (D:4)
  An ogre (D:4)
  A phantom (D:6)
  4 kobold brigands
  A bullfrog (D:6)
  7 scorpions
  2 howler monkeys
  2 bombardier beetles
  2 hounds
  A quasit (D:7)
  2 orc priests (D:4)
  2 jellies
  2 sleepcaps
  Ijyb (D:3)
  3 iguanas
  2 orc wizards
  Natasha (D:1)
  15 adders
  9 gnolls
  A shadow imp (D:5)
  5 white imps
  10 ufetubi
  5 dart slugs
  A ribbon worm (D:4)
  16 orcs
  5 endoplasms
  2 giant cockroaches
  3 goblins
  10 hobgoblins
  21 kobolds
  5 quokkas
  11 ball pythons
  18 bats
  3 frilled lizards
  4 rats
187 creatures vanquished.

Notes
Turn   | Place    | Note
-------+----------+-------------------------------------------
     0 | D:1      | breaded the Spriggan Hunter began the quest for the Orb.
     0 | D:1      | Reached XP level 1. HP: 10/10 MP: 2/2
    71 | D:1      | Reached XP level 2. HP: 13/15 MP: 3/3
   379 | D:1      | Found a faded altar of an unknown god.
   512 | D:1      | Reached XP level 3. HP: 18/18 MP: 4/4
   647 | D:2      | Noticed Natasha
   858 | D:2      | Found a runed translucent door.
   859 | D:2      | Noticed Crazy Yiuf
  1245 | D:2      | Found a radiant altar of Vehumet.
  1398 | D:2      | Reached XP level 4. HP: 23/23 MP: 5/5
  2149 | D:3      | Noticed Ijyb
  2697 | D:2      | Reached XP level 5. HP: 28/28 MP: 6/6
  2755 | D:1      | Killed Natasha
  3054 | D:4      | Noticed an ogre
  3187 | D:3      | Reached XP level 6. HP: 23/33 MP: 7/7
  3380 | D:4      | Found a transporter.
  3380 | D:4      | Found a transporter.
  3386 | D:4      | Found a one-way gate to the infinite horrors of the Abyss.
  3386 | D:4      | Noticed globin's ghost (amateur HOFi)
  3403 | D:4      | Reached skill level 5 in Dodging
  3620 | D:3      | Reached skill level 5 in Ranged Weapons
  3878 | D:4      | Reached XP level 7. HP: 37/37 MP: 8/8
  4106 | D:4      | Noticed Grinder
  4108 | D:4      | Paralysed by Grinder for 4 turns
  4238 | D:4      | Killed Grinder
  4239 | D:4      | Reached skill level 6 in Ranged Weapons
  4290 | D:4      | Found a shimmering blue altar of Sif Muna.
  4290 | D:4      | Found an opulent altar of Gozag.
  4332 | D:3      | Killed Ijyb
  4697 | D:5      | Entered Level 5 of the Dungeon
  4776 | D:5      | Noticed Eustachio
  5012 | D:4      | Reached XP level 8. HP: 33/42 MP: 9/9
  5228 | D:4      | Became a worshipper of Gozag Ym Sagoz the Greedy
  5460 | D:4      | Reached skill level 7 in Ranged Weapons
  5717 | D:5      | Noticed Prince Ribbit
  5764 | D:4      | Killed Prince Ribbit
  5789 | D:5      | Killed Eustachio
  6210 | D:6      | Reached skill level 8 in Ranged Weapons
  6431 | D:6      | Reached skill level 10 in Dodging
  6720 | D:6      | Found a bloodstained altar of Trog.
  6875 | D:6      | Found a basalt altar of Yredelemnul.
  6886 | D:6      | Reached XP level 9. HP: 45/45 MP: 10/10
  7266 | D:7      | Found a staircase to the Ecumenical Temple.
  7270 | D:7      | Reached skill level 9 in Ranged Weapons
  7299 | D:7      | Noticed a troll
  7335 | D:7      | Killed a troll
  7773 | D:7      | Reached skill level 10 in Ranged Weapons
  8200 | D:8      | Identified the +6 leather armour of the Candlemaker {+Inv
                  | rC+ Int-4 Dex+2}
  8205 | D:8      | Noticed a kobold demonologist
  8205 | D:8      | Noticed a kobold demonologist
  8228 | D:8      | Noticed an ice devil
  8267 | D:8      | Killed a kobold demonologist
  8272 | D:8      | Killed a kobold demonologist
  8273 | D:8      | Reached skill level 11 in Ranged Weapons
  8306 | D:8      | Noticed a kobold demonologist
  8308 | D:8      | Noticed a rust devil
  8369 | D:8      | Noticed a hellwing
  8371 | D:8      | Noticed an orange demon
  8481 | D:8      | Noticed a rust devil
  8486 | D:8      | Gained mutation: You are frail. (-10% HP) [a neqoxec]
  8488 | D:8      | Killed a kobold demonologist
  8619 | D:8      | Paralysed by a hornet for 3 turns
  8621 | D:8      | HP: 2/40 [hornet (7)]
  8622 | D:8      | Succumbed to a kobold brigand's poison

Illustrated notes

Levels and vault maps discovered:
D:1:      dpeg_arrival_simpleton_c, layout_rooms,
          shapermc_ecumenical_altar_totnotflames
D:2:      layout_loops_corners, basic_altar, uniq_crazy_yiuf_cottage,
          uniq_natasha
D:3:      layout_loops_ring, grunt_decor_resistance, uniq_ijyb
D:4:      old_forge, layout_loops_ring, minitemple,
          gammafunk_ghost_abyssal_escape, lemuel_flame_loot_1, uniq_grinder
D:5:      layout_cave_pools, nicolae_the_louvre, uniq_prince_ribbit1,
          uniq_eustachio
D:6:      layout_basic, lemuel_tele_altar, mainiacjoe_overflow_brackets
D:7:      layout_rooms, minmay_temple_entry_crystal_x, serial_demonic,
          serial_demonic_g, serial_demonic_d, serial_demonic_g,
          serial_demonic_f, grunt_ministairs_8,
          serial_library_hellmonk_double_dead_end
D:8:      layout_cave_pools, lemuel_round_altar, serial_co_window_serial,
          co_window_corner_a, co_window_paths_a, co_window_corner_a,
          co_window_corner_a, co_window_paths_a, co_window_2corner,
          co_window_corner_b, co_window_broadway_b, co_window_corner_ca,
          co_window_broadway_b, co_window_paths_e, glass_columns_a

Skill      XL: |  1  2  3  4  5  6  7  8  9 |
---------------+----------------------------+-----
Stealth        | 2 3 |  3.4
Dodging        | 3 4 6 8 10 | 10.2
Fighting       | 2 3 4 |  4.0
Ranged Weapons | 5 6 8 11 | 11.7

Action                     |  1- 3 |  4- 6 |  7- 9 || total
---------------------------+-------+-------+-------++-------
   Fire: Shortbow          |   148 |     9 |       ||   157
         Sling             |       |   145 |   152 ||   297
         Orcbow            |       |       |   263 ||   263
  Throw: Dart              |       |       |     4 ||     4
  Evoke: Wand              |       |       |     5 ||     5
    Use: Scroll            |       |     3 |     1 ||     4
         Potion            |       |       |     1 ||     1
 Armour: Robe              |    32 |    25 |    59 ||   116
  Dodge: Dodged            |    62 |    75 |   241 ||   378
